AoeStats
← Fathandzzz

Arena

509275271Analyzed
2v2 RM · 5d ago on Sep 26, 2026· 61m 35s· 4 players
Game mode
Random Map
Map size
Medium (4 player)
Population
200
Speed
Normal
Resources
Standard
Victory
Conquest
Starting age
Dark Age
Ending age
Imperial Age
RankedLock teamsTeams togetherTeam positionsShared explorationLock speedFull tech treeHidden civsTurbo modeCheats
Victory
Defeat
🇺🇸 Persians · United States
1159
+18
🇺🇸 Teutons · United States
1159
+18
🇺🇸 Bohemians · United States
1241
-19
🇵🇪 Inca · Peru
1181
-17
RootBeer
11:28 Feudal Age
15:21 Castle Age
16:12 Fletching
16:23 Double-Bit Axe
17:42 Bow Saw
17:07 Crossbowman
19:35 Wheelbarrow
21:56 Bodkin Arrow
22:07 Loom
28:57 Imperial Age
29:17 Chemistry
29:38 Arbalester
31:28 Bracer
31:28 Pikeman
33:46 Halberdier
47:57 Ballistics
48:32 Padded Archer Armor
49:26 Masonry
Robert18
7:06 Loom
10:17 Feudal Age
12:20 Fletching
28:22 Castle Age
35:42 Imperial Age
33:11 Murder Holes
34:02 Guard Tower
35:12 Ballistics
35:19 Bodkin Arrow
37:03 Bracer
37:05 Padded Archer Armor
38:16 Thumb Ring
40:32 Wheelbarrow
39:42 Town Watch
40:20 Double-Bit Axe
43:19 Hand Cart
42:36 Crossbowman
45:04 Arbalester
45:41 Gold Mining
46:03 Town Patrol
47:03 Leather Archer Armor
49:10 Pikeman
55:55 Elite Skirmisher
58:49 Gold Shaft Mining
Fathandzzz
12:01 Feudal Age
13:52 Wheelbarrow
12:58 Horse Collar
13:12 Double-Bit Axe
14:11 Loom
18:11 Castle Age
16:56 Gold Mining
16:50 Man-at-Arms
18:10 Arson
19:29 Bow Saw
19:33 Heavy Plow
22:40 Long Swordsman
23:35 Pikeman
24:03 Gambesons
24:19 Squires
24:21 Scale Mail Armor
28:35 Chain Mail Armor
29:39 Forging
33:36 Imperial Age
32:14 Stone Mining
33:04 Iron Casting
34:17 Hand Cart
33:41 Capped Ram
33:51 Two-Handed Swordsman
35:06 Plate Mail Armor
35:41 Blast Furnace
34:43 Champion
39:20 Fletching
49:38 Conscription
50:29 Bodkin Arrow
53:04 Ironclad
60:06 Town Watch
61:27 Two-Man Saw
61:21 Padded Archer Armor
Killacammmmm461
8:45 Loom
11:01 Feudal Age
11:52 Horse Collar
11:59 Double-Bit Axe
14:31 Fletching
21:46 Loom
25:58 Castle Age
35:02 Scale Barding Armor
37:38 Chain Barding Armor
39:12 Bloodlines
49:39 Forging
53:01 Imperial Age
52:10 Iron Casting
52:44 Kamandaran
52:42 Cavalier
53:50 Crossbowman
54:38 Thumb Ring
55:46 Citadels
58:32 Bodkin Arrow
58:37 Padded Archer Armor
59:42 Savar
60:25 Husbandry
61:06 Ballistics
61:47 Chemistry
Connection lost

Rejoining the realm…

Still unreachable

The connection could not be restored.

Session expired

The server has moved on; the page needs a fresh start.